 Dungeon Sprint DCSS version 0.21-a0-414-gba8bdf1 (webtiles) character file.

4475 Kidiri the Fighter (level 10, -1/96 HPs)
             Began as a Yellow Draconian Transmuter on Nov 2, 2017.
             Was a High Priest of Wu Jian.
             Slain by a tyrant leech (32 damage)
             ... in the Dungeon (Sprint IX: "|||||||||||||||||||||||||||||").
             The game lasted 00:06:18 (2219 turns).

Kidiri the Fighter (Yellow Draconian Transmuter)    Turns: 2219, Time: 00:06:19

Health: -1/96      AC:  9    Str: 13    XL:     10   Next: 15%
Magic:  20/23      EV: 17    Int: 14    God:    Wu Jian [*****.]
Gold:   12         SH:  0    Dex: 17    Spells: 13/28 levels left

rFire    . . .     SeeInvis .     - Unarmed
rCold    . . .     Gourm    .   (shield currently unavailable)
rNeg     . . .     Faith    .   (armour unavailable)
rPois    .         Spirit   .   (helmet restricted)
rElec    .         Reflect  .   (no cloak)
rCorr    +         Harm     .   (gloves currently unavailable)
MR       .....     NoTele   +   (no boots)
Stlth    ++........             (no amulet)
HPRegen  0.26/turn              n - +3 ring of dexterity
MPRegen  0.18/turn              o - +2 ring of protection

@: short of breath, blade hands, glowing, heavenly storm
A: spit acid, acid resistance, unfitting armour, cold-blooded, AC +7
a: Breathe Acid, End Transformation, Serpent's Lash, Heavenly Storm, Renounce
Religion


You were in the Dungeon.
You worshipped Wu Jian.
Wu Jian was extremely pleased with you.
You were hungry.
You had blades for hands.
You visited 1 branch You collected 12 gold pieces.

Inventory:

Missiles
 a - 11 arrows
Jewellery
 n - a +3 ring of dexterity (left scythe-like blade)
 o - a +2 ring of protection (right scythe-like blade)
Wands
 m - a wand of acid (7/15)
Scrolls
 i - 2 scrolls of blinking
 k - 3 scrolls of remove curse
 l - 2 scrolls of amnesia
 q - 3 scrolls of fog
 r - a scroll of recharging
 s - 2 scrolls of enchant armour
Potions
 d - 6 potions of curing
 e - a potion of resistance
 f - a potion of haste
 g - 4 potions of magic
 h - a potion of invisibility
 j - a potion of heal wounds
 p - 2 potions of berserk rage
Books
 b - a book of Changes

   Spells                             Type                      Level
   a - Beastly Appendage              Transmutation                1
   b - Sticks to Snakes               Transmutation                2
   c - Spider Form                    Transmutation/Poison         3
   d - Ice Form                       Ice/Transmutation            4
   e - Blade Hands                    Transmutation                5


   Skills:
 * Level 11.2 Fighting
 + Level 7.0 Dodging
 + Level 7.2 Stealth
 * Level 10.6 Unarmed Combat
 * Level 9.6 Spellcasting
 + Level 7.7 Transmutations
 + Level 6.1 Ice Magic
 + Level 6.1 Poison Magic
 + Level 6.3 Evocations


You had 13 spell levels left.
You knew the following spells:

 Your Spells              Type           Power        Failure   Level  Hunger
a - Beastly Appendage     Tmut           ####..       12%         1    None
b - Sticks to Snakes      Tmut           ####....     13%         2    None
c - Spider Form           Tmut/Pois      ####......   21%         3    #......
d - Ice Form              Ice/Tmut       ####....     36%         4    ###....
e - Blade Hands           Tmut           ####......   52%         5    #####..


Dungeon Overview and Level Annotations

Branches:
Dungeon (1/1)

Altars:
Cheibriados
Dithmenos
Elyvilon
Fedhas
Gozag
Hepliaklqana
Kikubaaqudgha
Makhleb
Nemelex Xobeh
Okawaru
Qazlal
Ru
Sif Muna
Trog
Uskayaw
Vehumet
Wu Jian
Xom
Yredelemnul
Zin
The Shining One
Beogh
Jiyva
Lugonu


Innate Abilities, Weirdness & Mutations

You can spit globs of acid.
You are resistant to acid.
Your golden yellow scales are hard. (AC +7)
You cannot fit into any form of body armour.
You are cold-blooded and may be slowed by cold attacks.


Message History

You slice the tyrant leech!!
The tyrant leech is almost dead.
The tyrant leech bites you!
The tyrant leech draws strength from your injuries!
Unknown command.
You slice the tyrant leech!!
You kill the tyrant leech!
The Council accepts your kill.
Your Dodging skill increases to level 7!
You barely miss the tyrant leech. You tail-slap the tyrant leech.
The tyrant leech is lightly wounded.
The tyrant leech bites you!!
The tyrant leech draws strength from your injuries!
You barely miss the tyrant leech. You tail-slap the tyrant leech.
The tyrant leech is lightly wounded.
Unknown command.
You hit the tyrant leech.
The tyrant leech is lightly wounded.
The tyrant leech bites you!!
You die...

▓▓▓▓▓▓▓▓▓▓▓▓▓▓▓▓▓▓▓▓▓▓▓▓
.wkk.ww@§§......÷.......
▓▓▓▓▓▓▓▓▓▓▓▓▓▓▓▓▓▓▓▓▓▓▓▓▓▓▓▓▓▓▓▓▓
.................................
▓▓▓▓▓▓▓▓▓▓▓▓▓▓▓▓▓▓▓▓▓▓▓▓▓▓▓▓▓▓▓▓▓
.....'.)[[[)|..'_________________
▓▓▓▓▓▓▓▓▓▓▓▓▓▓▓▓▓▓▓▓▓▓▓▓▓▓▓▓▓▓▓▓▓


You could see a tyrant leech and a worm.

Vanquished Creatures
  A hydra (D)
  A cyclops (D)
  An elephant (D)
  A black mamba (D)
  2 rime drakes (D)
  A polar bear (D)
  A tyrant leech (D)
  A basilisk (D)
  A water moccasin (D)
  4 porcupines (D)
  2 ice beasts (D)
  3 orc warriors (D)
  A phantom (D)
  A wolf (D)
  2 ogres (D)
  A crocodile (D)
  4 bullfrogs (D)
  A quasit (D)
  A hound (D)
  An adder (D)
  3 orcs (D)
  2 giant cockroaches (D)
  A kobold (D)
  A ball python (D)
  A frilled lizard (D)
  A jackal skeleton (D)
  A rat (D)
41 creatures vanquished.

Vanquished Creatures (others)
  A spatial maelstrom (D)
1 creature vanquished.

Grand Total: 42 creatures vanquished

Notes
Turn   | Place    | Note
-------+----------+-------------------------------------------
     0 | D        | Kidiri the Draconian Transmuter began the quest for the Orb.
     0 | D        | Reached XP level 1. HP: 16/16 MP: 3/3
    12 | D        | Banished a spatial maelstrom
    16 | D        | Reached skill level 2 in Fighting
   126 | D        | Noticed an ice beast
   126 | D        | Noticed an ogre
   134 | D        | Killed an ogre
   134 | D        | Reached skill level 4 in Fighting
   134 | D        | Reached XP level 2. HP: 27/27 MP: 2/7
   134 | D        | Reached XP level 3. HP: 33/33 MP: 2/8
   134 | D        | Reached XP level 4. HP: 40/40 MP: 2/10
   140 | D        | Killed an ice beast
   140 | D        | Reached skill level 5 in Fighting
   140 | D        | Reached skill level 5 in Spellcasting
   140 | D        | Reached XP level 5. HP: 50/50 MP: 3/12
   147 | D        | Found a roughly hewn altar of Beogh.
   147 | D        | Found a snail-covered altar of Cheibriados.
   147 | D        | Found a shadowy altar of Dithmenos.
   147 | D        | Found a white marble altar of Elyvilon.
   147 | D        | Found a blossoming altar of Fedhas.
   147 | D        | Found an opulent altar of Gozag.
   148 | D        | Found a hazy altar of Hepliaklqana.
   149 | D        | Found a viscous altar of Jiyva.
   150 | D        | Found an ancient bone altar of Kikubaaqudgha.
   151 | D        | Found a corrupted altar of Lugonu.
   152 | D        | Found a burning altar of Makhleb.
   153 | D        | Found a sparkling altar of Nemelex Xobeh.
   154 | D        | Found an iron altar of Okawaru.
   155 | D        | Found a stormy altar of Qazlal.
   156 | D        | Found a sacrificial altar of Ru.
   157 | D        | Found a deep blue altar of Sif Muna.
   158 | D        | Found a bloodstained altar of Trog.
   159 | D        | Found a hide-covered altar of Uskayaw.
   160 | D        | Found a radiant altar of Vehumet.
   161 | D        | Found an ornate altar of the Wu Jian Council.
   162 | D        | Found a shimmering altar of Xom.
   163 | D        | Found a basalt altar of Yredelemnul.
   164 | D        | Found a glowing silver altar of Zin.
   165 | D        | Found a glowing golden altar of the Shining One.
   169 | D        | Became a worshipper of the Wu Jian Council
   173 | D        | Learned a level 2 spell: Sticks to Snakes
   177 | D        | Learned a level 3 spell: Spider Form
   182 | D        | Learned a level 4 spell: Ice Form
   425 | D        | Noticed an orc warrior
   425 | D        | Noticed an ogre
   425 | D        | Noticed an ice beast
   425 | D        | Noticed an orc warrior
   425 | D        | Noticed a phantom
   443 | D        | Killed an orc warrior
   443 | D        | Reached skill level 6 in Fighting
   443 | D        | Reached skill level 1 in Ice Magic
   443 | D        | Reached skill level 1 in Poison Magic
   443 | D        | Reached skill level 1 in Evocations
   443 | D        | Reached XP level 6. HP: 11/57 MP: 9/14
   509 | D        | Killed an ice beast
   509 | D        | Reached * piety under Wu Jian
   509 | D        | Reached skill level 7 in Fighting
   509 | D        | Reached skill level 5 in Transmutations
   512 | D        | Your scales start taking on a golden yellow colour.
   512 | D        | Reached XP level 7. HP: 38/66 MP: 0/16
   522 | D        | Reached ** piety under Wu Jian
   535 | D        | Learned a level 5 spell: Blade Hands
   977 | D        | Noticed a cyclops
   990 | D        | Reached *** piety under Wu Jian
   990 | D        | Reached skill level 8 in Fighting
   990 | D        | Reached skill level 5 in Dodging
   990 | D        | Reached skill level 5 in Stealth
   997 | D        | Killed a cyclops
   997 | D        | Reached XP level 8. HP: 25/77 MP: 15/19
  1581 | D        | Noticed a rime drake
  1581 | D        | Noticed a rime drake
  1587 | D        | Killed a rime drake
  1587 | D        | Reached skill level 9 in Fighting
  1588 | D        | Noticed an elephant
  1599 | D        | Reached **** piety under Wu Jian
  1605 | D        | Killed a rime drake
  1605 | D        | Reached XP level 9. HP: 31/85 MP: 13/21
  1607 | D        | Reached skill level 5 in Evocations
  1622 | D        | Killed an elephant
  1622 | D        | Reached ***** piety under Wu Jian
  1622 | D        | Reached skill level 10 in Fighting
  1622 | D        | Reached skill level 5 in Ice Magic
  1622 | D        | Reached skill level 5 in Poison Magic
  1852 | D        | Noticed a polar bear
  1856 | D        | Noticed a seven-headed hydra
  1858 | D        | Noticed a black mamba
  1862 | D        | Killed a polar bear
  1863 | D        | Reached skill level 10 in Unarmed Combat
  1867 | D        | Killed an 11-headed hydra
  1869 | D        | Reached skill level 11 in Fighting
  1869 | D        | Reached XP level 10. HP: 27/95 MP: 18/23
  1872 | D        | Killed a black mamba
  2205 | D        | Noticed a lindwurm
  2205 | D        | Noticed a lindwurm
  2219 | D        | Slain by a tyrant leech

Vault maps used:
D:        linesprint

Skill      XL: |  1  2  3  4  5  6  7  8  9 10 |
---------------+-------------------------------+-----
Dodging        | 3 4 5 6 7 |  7.0
Fighting       | 4 5 6 7 8 9 11 | 11.2
Stealth        | 2 3 4 5 6 7 |  7.2
Unarmed Combat | 4 6 7 8 9 10 | 10.6
Spellcasting   | 4 5 6 7 8 9 |  9.6
Transmutations | 3 4 5 6 7 |  7.7
Ice Magic      | 1 2 3 4 5 6 |  6.1
Poison Magic   | 1 2 3 4 5 6 |  6.1
Evocations     | 1 2 3 4 6 |  6.3

Action                   |  1- 3 |  4- 6 |  7- 9 | 10-12 || total
-------------------------+-------+-------+-------+-------++-------
Melee: Unarmed           |    17 |    30 |    74 |    12 ||   133
       Kick              |     3 |     5 |     1 |       ||     9
       Headbutt          |     1 |     2 |       |       ||     3
       Tailslap          |       |     4 |     9 |     2 ||    15
       Punch             |       |     1 |     2 |       ||     3
 Cast: Beastly Appendage |     2 |     2 |     1 |       ||     5
       Spider Form       |       |     1 |       |       ||     1
       Sticks to Snakes  |       |     1 |       |       ||     1
       Ice Form          |       |       |     1 |       ||     1
       Blade Hands       |       |       |     4 |     1 ||     5
Invok: Serpent's Lash    |       |       |     1 |       ||     1
       Heavenly Storm    |       |       |       |     1 ||     1
 Abil: Breathe Acid      |       |       |     3 |     1 ||     4
  Use: Potion            |     1 |     1 |     3 |       ||     5
 Stab: Distracted        |       |       |     1 |       ||     1
  Eat: Chunk             |       |       |     3 |     1 ||     4
       Bread ration      |       |       |     1 |       ||     1
Armor: Skin              |     1 |     8 |    21 |     1 ||    31
Dodge: Dodged            |     7 |    18 |    37 |     4 ||    66

Table legend:
 A = Spawn XP
 B = Non-spawn XP
 C = Spawn XP percentage of total XP
 D = Spawn monster count
 E = Non-spawn monster count
 F = Spawn count percentage of total count
 G = Total turns spent on level
                    A         B        C        D         E        F      G
               +---------+---------+-------+---------+---------+-------+---------
         Total |       0 |    6393 |   0.0 |       0 |      41 |   0.0 |  2219
               +---------+---------+-------+---------+---------+-------+---------
             D |       0 |    6393 |   0.0 |       0 |      41 |   0.0 |  2219
               +---------+---------+-------+---------+---------+-------+---------
